 Dungeon Crawl Stone Soup version 0.31-a0-868-g674d60d6f7 (webtiles) character file.

Game seed: 5877592156538799873

25499 retardedninja the Destroyer (level 13, -10/126 HPs)
             Began as a Gargoyle Fire Elementalist on Oct 11, 2023.
             Was a High Priest of Vehumet.
             Mangled by a catoblepas (16 damage)
             ... on level 3 of the Lair of Beasts.
             The game lasted 00:39:57 (21873 turns).

retardedninja the Destroyer (GrFE)                 Turns: 21873, Time: 00:39:58

Health: -10/126    AC: 26    Str: 12    XL:     13   Next: 20%
Magic:  1/26       EV:  2    Int: 21    God:    Vehumet [*****.]
Gold:   883        SH:  0    Dex: 10    Spells: 15/30 levels left

rFire   . . .        k - +4 halberd
rCold   . . .        (shield currently unavailable)
rNeg    + . .        z - melded +1 robe "Zecuerer" {+Inv}
rPois   ∞            A - melded +3 hat of Pondering {ponderous, Will+ MP+10 Int+5}
rElec   .            a - melded +1 cloak of Starlight {*Dazzle EV+4 Stlth--}
rCorr   .            s - melded +2 pair of gloves
SInv    .            (boots currently unavailable)
Will    +....        w - amulet of regeneration
Stlth   ++           u - ring of willpower
HPRegen 1.21/turn    t - ring of wizardry
MPRegen 0.20/turn

%: wizardry (x1)
@: tree-form
A: stationary, stasis, torment immunity, boosted hp, sickness immunity, AC +9,
negative energy resistance 1, (electricity resistance), torment resistance 1,
petrification resistance
a: Renounce Religion


You were on level 3 of the Lair of Beasts.
You worshipped Vehumet.
Vehumet was extremely pleased with you.
You were a tree.
You visited 3 branches of the dungeon, and saw 17 of its levels.

You collected 883 gold pieces.

Inventory:

Hand Weapons
 k - a +4 halberd (weapon)
Missiles
 q - 2 throwing nets
Armour
 a - the +1 cloak of Starlight (melded) {*Dazzle EV+4 Stlth--}
   (You acquired it on level 10 of the Dungeon)

   *Dazzle:   It may blind those who miss an attack against the wearer in melee
   combat.
   EV+4:      It affects your evasion (+4).
   Stlth--:   It makes you much less stealthy.
 s - a +2 pair of gloves (melded)
 z - the +1 robe "Zecuerer" (melded) {+Inv}
   (You found it on level 9 of the Dungeon)

   +Inv:      It lets you turn invisible.
 A - the +3 hat of Pondering (melded) {ponderous, Will+ MP+10 Int+5}
   (You took it off Gastronok on level 2 of the Lair of Beasts)

   Int+5:     It affects your intelligence (+5).
   Will+:     It increases your willpower.
   MP+10:     It affects your magic capacity (+10).
Jewellery
 h - an amulet of guardian spirit
 m - a +6 ring of strength
 t - a ring of wizardry (right branch)
 u - a ring of willpower (left branch)
 w - an amulet of regeneration (around neck)
Talismans
 y - a blade talisman
Wands
 i - a wand of flame (3)
 j - a wand of charming (3)
 v - a wand of roots (3)
Scrolls
 b - a scroll of poison
 e - a scroll of noise
 f - 3 scrolls of vulnerability
 g - 3 scrolls of identify
 l - a scroll of silence
 p - 2 scrolls of immolation
 r - a scroll of acquirement
Potions
 c - 2 potions of mutation
 d - 2 potions of lignification
 n - a potion of might
 x - a potion of attraction


   Skills:
 + Level 10.8 Fighting
 - Level 1.7 Dodging
 - Level 2.3 Stealth
 + Level 9.4 Spellcasting
 + Level 10.9 Conjurations
 + Level 10.4 Fire Magic
 + Level 8.3 Air Magic


You had 15 spell levels left.
You knew the following spells:

 Your Spells              Type           Power      Damage    Failure   Level
a - Foxfire               Conj/Fire      100%       2x1d9     1%          1
b - Scorch                Fire           100%       2d9       1%          2
c - Flame Wave            Conj/Fire      53%        2d13      1%          4
d - Fireball              Conj/Fire      26%        3d12      1%          5
e - Hailstorm             Conj/Ice       32%        3d8       1%          3

Your spell library contained the following spells:

 Spells                   Type           Power      Damage    Failure   Level
 Freezing Cloud           Conj/Ice/Air   18%        6-21      1%          5
 Freeze                   Ice            36%        1d5       1%          1
 Magic Dart               Conj           100%       1d8       1%          1
 Searing Ray              Conj           100%       2d8       1%          2
 Inner Flame              Hex/Fire       31%        N/A       1%          3
 Volatile Blastmotes      Fire/Tloc      62%        2d15      1%          3
 Fulminant Prism          Conj/Hex       16%        3d11      1%          4
 Arcjolt                  Conj/Air       25%        1d35      1%          5
 Apportation              Tloc           18%        N/A       2%          1
 Necrotise                Necr           36%        1d5       2%          1
 Summon Small Mammal      Summ           36%        N/A       2%          1
 Frozen Ramparts          Ice            18%        1d3       2%          3
 Wereblood                Tmut           9%         N/A       4%          2
 Summon Lightning Spire   Summ/Air       27%        N/A       4%          4
 Vhi's Electric Charge    Tloc/Air       54%        N/A       4%          4
 Olgreb's Toxic Radiance  Pois           9%         N/A       8%          4
 Call Canine Familiar     Summ           9%         N/A       9%          3
 Summon Guardian Golem    Hex/Summ       9%         N/A       9%          3
 Tukima's Dance           Hex            9%         N/A       9%          3
 Yara's Violent Unravell  Hex/Tmut       4%         3d4       19%         5
 Passage of Golubria      Tloc           9%         N/A       26%         4
 Ignition                 Fire           26%        3d9       47%         8
 Maxwell's Capacitive Co  Air            22%        ∞         75%         8
 Summon Hydra             Summ           4%         N/A       100%        7
 Discord                  Hex            4%         N/A       100%        8
 Chain Lightning          Conj/Air       25%        3d33      100%        9
 Sublimation of Blood     Necr           Unusable   N/A       N/A         2

Dungeon Overview and Level Annotations

Branches:
Dungeon (11/15)            Temple (1/1) D:5            Lair (5/5) D:9
  Snake (0/4) Lair:2          Orc (0/2) D:10
  Swamp: Lair:2-3    Shoals: Lair:2-3     Slime: Lair:4-5

Altars:
Ashenzari
Cheibriados
Dithmenos
Elyvilon
Fedhas
Gozag
Hepliaklqana
Kikubaaqudgha
Makhleb
Nemelex Xobeh
Okawaru
Qazlal
Ru
Sif Muna
Trog
Uskayaw
Vehumet
Wu Jian
Xom
Yredelemnul
Zin
The Shining One

Shops:
D:5 *   D:6 :?

Annotations:
D:8 3 runed translucent doors, javelincjr's ghost, novice TrSh


Innate Abilities, Weirdness & Mutations

You are a tree.
Your roots penetrate the ground, keeping you stationary.
You cannot be teleported.
You are immune to unholy pain and torment.
Your maximum health is greatly increased.
Your equipment is partially melded.
You are immune to sickness and miasma.
((Your stone body is resilient. (AC +9)))
You are immune to poison.
You resist negative energy. (rN+)
((You are resistant to electric shocks. (rElec)))
You are resistant to unholy torment.
You are immune to petrification.


Message History

Vehumet accepts your kill.
You feel your power returning.
The flame wave engulfs the fungus!
The fungus begins to die.
The fungus is lightly damaged. (Press . to intensify the flame waves.)
The catoblepas barely misses you.
A wave of flame ripples out!
The flame wave engulfs the catoblepas.
The catoblepas is lightly wounded.
The flame wave engulfs the fungus!!
The fungus is lightly damaged.
The flame wave engulfs the fungus!!
The fungus begins to die.
The fungus is lightly damaged.
The catoblepas gores you!!
* * * LOW HITPOINT WARNING * * *
Unknown command.
You turn into a tree.
The +1 cloak of Starlight {*Dazzle EV+4 Stlth--} melds into your body.
The +3 hat of Pondering {ponderous, Will+ MP+10 Int+5} melds into your body.
Your +2 pair of gloves melds into your body.
The +1 robe "Zecuerer" {+Inv} melds into your body.
That put a bit of spring back into your step.
You feel your magic capacity decrease.
Your roots penetrate the ground.
The blink frog stops moving altogether!
The catoblepas gores you but does no damage.
Casting: Flame Wave (safe; 1% risk of failure)
Confirm with . or Enter, or press ? or * to list all spells.
You don't have enough magic to cast this spell.
Aiming: Charm
Press: ? - help, Q - select action, (/) - cycle Shift-Dir - straight line, f - blink frog
Aim: a blink frog (heavily wounded, petrified, chance to affect: 31%)
The blink frog is charmed.
A nearby fungus withers and dies.
The catoblepas gores you but does no damage.
A nearby fungus withers and dies.
The catoblepas gores you but does no damage.
Unknown command.
You slash the catoblepas!
The catoblepas is moderately wounded.
The catoblepas gores you!
You die...

... .#.F....#.. #...
##........# #...$
#.......# .....#
##..Y..#
.....##..†...#### #
♣♣♣♣♣♣......§##...## ..#
~~≈≈≈♣.......#.#...#..#
..♣.♣...⌠...#..Y†.....#
♣.l.....⌠.....F.♣.....#
≈~~~~.................#
♣♣♣♣♣.................#
♣..............>.......#
.#####......†.........P#
....#.................##
....##................#
.....#.###............#
........##........


You could see a catoblepas (ally target) and a friendly blink frog (charmed,
petrified).

Vanquished Creatures
  Gastronok (Lair:2)
  A hydra (Lair:1)
  A catoblepas (Lair:2)
  A boulder beetle (Lair:1)
  A salamander (Lair:2)
  An elephant (Lair:1)
  Maurice (D:9)
  3 black mambas
  4 cane toads
  An unseen horror (D:10)
  10 komodo dragons
  A rime drake (Lair:2)
  2 polar bears
  14 blink frogs
  Grinder (D:3)
  2 hornets
  4 wyverns
  2 basilisks
  29 yaks
  5 steam dragons
  2 swamp worms (Lair:3)
  An acid dragon (D:10)
  13 water moccasins
  Duvessa (D:6)
  A swamp drake (D:10)
  2 orc warriors
  3 ice beasts
  5 black bears
  3 ogres
  3 centaurs
  3 wolves
  3 kobold brigands
  17 bullfrogs
  3 gnoll sergeants
  4 scorpions
  7 wights
  Dowan (D:6)
  3 killer bees (D:8)
  5 howler monkeys
  2 electric eels
  4 lava snakes (Lair:2)
  9 crimson imps (D:9)
  3 hounds (D:5)
  A jelly (D:5)
  3 orc priests
  3 sleepcaps
  3 iguanas
  5 orc wizards
  20 gnolls
  7 adders
  A shadow imp (D:5)
  4 white imps
  4 worms
  3 dart slugs
  27 orcs
  6 bats
  5 endoplasms
  20 giant cockroaches
  9 goblins
  8 hobgoblins
  17 kobolds
  6 quokkas
  6 ball pythons
  5 frilled lizards
  7 rats
353 creatures vanquished.

Vanquished Creatures (collateral kills)
  4 foxfires
4 creatures vanquished.

Vanquished Creatures (others)
  944 foxfires
944 creatures vanquished.

Grand Total: 1301 creatures vanquished

Notes
Turn   | Place    | Note
-------+----------+-------------------------------------------
     0 | D:1      | retardedninja the Gargoyle Fire Elementalist began the
                  | quest for the Orb.
     0 | D:1      | Reached XP level 1. HP: 10/10 MP: 3/3
   335 | D:1      | Reached XP level 2. HP: 15/15 MP: 0/5
   840 | D:1      | Reached XP level 3. HP: 20/20 MP: 0/6
  1223 | D:1      | Learned a level 2 spell: Scorch
  1390 | D:1      | Reached skill level 1 in Fighting
  1943 | D:2      | Reached XP level 4. HP: 25/25 MP: 5/7
  2252 | D:2      | Reached skill level 1 in Air Magic
  2355 | D:2      | Found a faded altar of an unknown god.
  3466 | D:3      | Reached XP level 5. HP: 23/30 MP: 1/9
  4401 | D:3      | Noticed Grinder
  4404 | D:3      | Killed Grinder
  4405 | D:3      | Reached XP level 6. HP: 36/36 MP: 3/10
  4948 | D:4      | Reached XP level 7. HP: 41/41 MP: 5/12
  5768 | D:4      | Found a glowing golden altar of the Shining One.
  5768 | D:4      | Found a faded altar of an unknown god.
  5777 | D:4      | Found a faded altar of an unknown god.
  5780 | D:4      | Found an opulent altar of Gozag.
  5782 | D:4      | Found a hazy altar of Hepliaklqana.
  6721 | D:5      | Entered Level 5 of the Dungeon
  6731 | D:5      | Reached XP level 8. HP: 48/48 MP: 4/14
  6895 | D:5      | Reached skill level 5 in Fire Magic
  7376 | D:5      | Found Nideudd's Lightly-Used Armoury.
  7394 | D:5      | Found a staircase to the Ecumenical Temple.
  7413 | Temple   | Entered the Ecumenical Temple
  7422 | Temple   | Became a worshipper of Vehumet
  7819 | D:6      | Noticed Dowan
  7822 | D:6      | Noticed Duvessa
  7832 | D:5      | Learned a level 4 spell: Flame Wave
  7840 | D:6      | Killed Dowan
  7847 | D:6      | Killed Duvessa
  8051 | D:6      | Reached skill level 5 in Conjurations
  8151 | D:6      | Found Cyinem's Book Emporium.
  8241 | D:6      | Found Yriuni's Magic Scroll Shop.
  8245 | D:6      | Noticed a yak
  8245 | D:6      | Noticed a yak
  8245 | D:6      | Noticed a yak
  8246 | D:6      | Noticed a yak
  8252 | D:6      | Killed a yak
  8253 | D:6      | Reached skill level 5 in Fighting
  8258 | D:6      | Killed a yak
  8259 | D:6      | Reached XP level 9. HP: 35/54 MP: 3/16
  8263 | D:6      | Reached skill level 5 in Spellcasting
  8561 | D:6      | Found a burning altar of Makhleb.
  8570 | D:6      | Found a sacrificial altar of Ru.
 10154 | D:7      | Reached * piety under Vehumet
 10154 | D:7      | Offered knowledge of Kiss of Death by Vehumet.
 11781 | D:8      | Reached XP level 10. HP: 50/61 MP: 12/18
 11893 | D:8      | Found a runed translucent gate.
 11893 | D:8      | Found a runed translucent gate.
 11893 | D:8      | Found a runed translucent gate.
 11896 | D:8      | Noticed a ten-headed hydra
 11896 | D:8      | Noticed a nine-headed hydra
 11897 | D:8      | Noticed javelincjr's ghost (novice TrSh)
 11953 | D:8      | Reached skill level 5 in Air Magic
 12406 | D:8      | Found a sparkling altar of Nemelex Xobeh.
 12406 | D:8      | Found a stormy altar of Qazlal.
 12599 | D:8      | Identified a scroll of acquirement
 12599 | D:8      | Acquired the Handbook of the Conflagrant Brume
 12639 | D:8      | Learned a level 5 spell: Fireball
 13353 | D:9      | Reached ** piety under Vehumet
 13353 | D:9      | Offered knowledge of Static Discharge by Vehumet.
 13719 | D:9      | Noticed Maurice
 13727 | D:9      | Something stole a ring of willpower
 13728 | D:9      | Something stole a blade talisman
 13732 | D:9      | Something stole 2 throwing nets
 13735 | D:9      | Something stole 54 gold
 13737 | D:9      | Something stole 388 gold
 13744 | D:9      | Killed Maurice
 13953 | D:9      | Identified the +1 robe "Zecuerer" {+Inv}
 14045 | D:9      | Offered knowledge of Ignite Poison by Vehumet.
 14283 | D:9      | Reached *** piety under Vehumet
 14284 | D:9      | Reached XP level 11. HP: 68/68 MP: 18/21
 14356 | D:9      | Found a staircase to the Lair.
 14600 | D:10     | Entered Level 10 of the Dungeon
 14789 | D:10     | Acquired the +1 cloak of Starlight {*Dazzle EV+4 Stlth--}
 14789 | D:10     | Found the +1 cloak of Starlight {*Dazzle EV+4 Stlth--}
 14948 | D:10     | Offered knowledge of Mephitic Cloud by Vehumet.
 15168 | D:10     | Found a staircase to the Orcish Mines.
 15195 | D:10     | Identified the +4 leather armour of the Blacksmith {rElec
                  | rF- Str+2 Dex+2}
 15973 | D:11     | Noticed a cyclops
 15974 | D:11     | Noticed a cyclops
 15976 | D:11     | Noticed a manticore
 15977 | D:11     | Noticed a two-headed ogre
 16056 | Lair:1   | Entered Level 1 of the Lair of Beasts
 17265 | Lair:1   | Reached **** piety under Vehumet
 17266 | Lair:1   | Reached XP level 12. HP: 59/76 MP: 11/24
 17586 | Lair:1   | Noticed a boulder beetle
 17587 | Lair:1   | Noticed a five-headed hydra
 17794 | Lair:1   | Killed a boulder beetle
 18265 | Lair:1   | Offered knowledge of Irradiate by Vehumet.
 18270 | Lair:1   | Killed a five-headed hydra
 19067 | Lair:2   | Found a staircase to the Snake Pit.
 19085 | Lair:2   | Learned a level 3 spell: Hailstorm
 19342 | Lair:2   | Reached skill level 10 in Conjurations
 19735 | Lair:2   | Noticed Gastronok
 19754 | Lair:2   | Killed Gastronok
 19760 | Lair:2   | Reached skill level 10 in Fighting
 20332 | Lair:2   | Noticed a catoblepas
 20349 | Lair:2   | Killed a catoblepas
 21369 | Lair:3   | Reached skill level 10 in Fire Magic
 21491 | Lair:3   | You fall into a shaft and drop 2 floors!
 21491 | Lair:5   | Entered Level 5 of the Lair of Beasts
 21533 | Lair:4   | Reached XP level 13. HP: 65/83 MP: 23/26
 21756 | Lair:3   | Reached ***** piety under Vehumet
 21756 | Lair:3   | Offered knowledge of Freezing Cloud by Vehumet.
 21869 | Lair:3   | HP: 1/84 [catoblepas (26)]
 21873 | Lair:3   | Mangled by a catoblepas

Illustrated notes

Levels and vault maps discovered:
D:1:      minmay_arrival_hallway, layout_basic
D:2:      layout_loops_ring, shapermc_ecumenical_altar_pompeii,
          grunt_ministairs_6, nicolae_houndstooth_variations
D:3:      minmay_roachtagon, layout_loops_ring, roderic_serpentine_path,
          uniq_grinder
D:4:      layout_basic, chequers_temple_overflow_minitemple
D:5:      layout_basic, minmay_temple_entry_junction, minmay_shop_damaged
D:6:      layout_loops_corners, mainiacjoe_overflow_swirl, serial_shops, shop,
          serial_aquarium, aquarium_bridge_long_separate
          [aquarium_subvault_window, aquarium_subvault_wall,
          aquarium_subvault_bridge, aquarium_subvault_bridge,
          aquarium_subvault_wall, aquarium_subvault_bridge],
          aquarium_window_corridor_2, aquarium_window_1, aquarium_window_corner,
          aquarium_view_2d, aquarium_view_2g, gup_sewer_entry_bubbles,
          nicolae_wooded_promenade, minmay_tree_intersection, uniq_duvessa
D:7:      layout_basic, nicolae_tricolors
D:8:      layout_basic, gammafunk_temple_overflow_wave,
          gammafunk_ghost_hydra_chop, st_stairs_6, amethyst_killhole
D:9:      kennysheep_steamy, layout_rooms, due_lair_maze_entry_diamond,
          minmay_nine_imps, uniq_maurice
D:10:     layout_roguey, erik_orc_1, minmay_misc_feat_roman
D:11:     layout_gridville, gammafunk_ghost_split, uniq_harold
Temple:   hellmonk_temple_two_chambers
Lair:1:   layout_loops_ring, minivault_23, grunt_forest_small_clearings,
          cheibrodos_lair_caveside_slide, hangedman_lair_generics_rect
Lair:2:   layout_cave_pods, nicolae_snake_entry_warm_welcome,
          grunt_megastairs_2, uniq_gastronok
Lair:3:   layout_cave_pods, nicolae_swamp_entry_splash_gauntlet
Lair:4:   layout_gridlike, serial_bayou_shore_b, grunt_megastairs_4,
          infiniplex_staircase_pool
Lair:5:   gammafunk_lair_ancient_temple, layout_misc_corridors,
          minmay_slime_entry_oklob_open, disabler_island

Skill      XL: |  1  2  3  4  5  6  7  8  9 10 11 12 |
---------------+-------------------------------------+-----
Fighting       | 1 2 3 4 5 6 7 9 10 | 10.8
Conjurations   | 2 3 4 5 6 8 9 10 | 10.9
Air Magic      | 1 2 3 4 6 7 8 |  8.3
Spellcasting   | 3 4 5 7 8 9 |  9.4
Fire Magic     | 4 5 6 7 9 10 | 10.4
Dodging        | |  1.7
Stealth        | |  2.3

Action                     |  1- 3 |  4- 6 |  7- 9 | 10-12 | 13-15 || total
---------------------------+-------+-------+-------+-------+-------++-------
  Melee: War axe           |    14 |    39 |       |       |       ||    53
         Punch             |       |     1 |       |       |       ||     1
         Halberd           |       |     3 |    17 |   137 |     1 ||   158
   Cast: Foxfire           |    99 |   130 |   153 |   198 |    14 ||   594
         Scorch            |       |    16 |    62 |   134 |    16 ||   228
         Flame Wave        |       |       |    12 |    32 |     5 ||    49
         Fireball          |       |       |       |    17 |     2 ||    19
         Hailstorm         |       |       |       |    13 |       ||    13
  Evoke: Wand              |       |     5 |       |    18 |     4 ||    27
    Use: Scroll            |       |     3 |    12 |    21 |       ||    36
         Potion            |       |       |     2 |    13 |     4 ||    19
   Stab: Invisible         |       |       |       |     1 |       ||     1
 Armour: Robe              |    42 |    72 |   113 |   501 |    41 ||   769
         Skin              |       |       |       |       |     4 ||     4
  Dodge: Dodged            |    43 |    75 |   119 |   445 |    37 ||   719

Table legend: (Time is in decaauts)
 A = Elapsed time spent in this place.
 B = Non-inter-level travel time spent in this place.
 C = Inter-level travel time spent in this place.
 D = Time resting spent in this place.
 E = Time spent auto-exploring this place.
 F = Levels seen in this place.
 G = Mean time per level.
                   A        B        C        D        E       F      G
               +--------+--------+--------+--------+--------+-----+--------+
         Total |  22092 |  21623 |    469 |   5507 |  12734 |  17 | 1299.5 |
       Dungeon |  16160 |  15784 |    376 |   2950 |  10273 |  11 | 1469.1 |
        Temple |     14 |     14 |      0 |      0 |      0 |   1 |   14.0 |
          Lair |   5917 |   5824 |     93 |   2557 |   2460 |   5 | 1183.4 |
               +--------+--------+--------+--------+--------+-----+--------+

Top non-repeatable levels by time:
  Lair:1: 2686 daAuts
  Lair:2: 2631 daAuts
     D:6: 2340 daAuts
     D:4: 2144 daAuts
     D:8: 2067 daAuts
     D:1: 1581 daAuts
     D:2: 1561 daAuts
     D:3: 1460 daAuts
    D:10: 1375 daAuts
     D:9: 1301 daAuts
     D:7: 1163 daAuts
     D:5: 1090 daAuts
  Lair:3: 347 daAuts
  Lair:4: 239 daAuts
    D:11: 73 daAuts
